 Dungeon Crawl Stone Soup version 0.26-a0-651-gb41185065b (webtiles) character file.

Game seed: 9378601981279740117

326398 1player the Black Belt (level 21, 168/168 HPs)
             Began as a Gnoll Monk on Aug 14, 2020.
             Was the Champion of Ashenzari.
             Quit the game on level 2 of the Orcish Mines on Apr 14, 2021.
             The game lasted 03:22:16 (59737 turns).

1player the Black Belt (Gnoll Monk)                Turns: 59737, Time: 03:22:17

Health: 168/168    AC: 31    Str: 22    XL:     21   Next: 64%
Magic:  39/39      EV: 22    Int: 20    God:    Ashenzari [******]
Gold:   1811       SH:  0    Dex: 23    Spells: 3/48 levels left

rFire    . . .     SeeInvis +   X - +9 quarterstaff (drain) (curse)
rCold    . . .     Faith    +   (shield currently unavailable)
rNeg     . . .     Spirit   .   c - +2 plate armour {MR+}
rPois    +         Reflect  .   V - +2 helmet {Int+3} (curse)
rElec    +         Harm     .   J - +1 cloak "Cull" {rElec rPois Dex+4 Slay-2}
rCorr    .         Rampage  .   O - +2 pair of gloves {archery}
MR       ++...     Clarity  +   m - +2 pair of boots {run} (curse)
Stlth    ++........             v - amulet of Temptation {Faith Str+4 Slay+4} (curse)
HPRegen  0.38/turn              b - +4 ring of evasion
MPRegen  0.26/turn              L - ring of wizardry

@: quick
A: distributed training, fangs 1, strong nose
}: 2/15 runes: decaying, gossamer
a: Curse Item, Scrying, Renounce Religion


You were on level 2 of the Orcish Mines.
You worshipped Ashenzari.
Ashenzari was exalted by your worship.
You visited 6 branches of the dungeon, and saw 34 of its levels.
You visited 1 bazaar.
You also visited: Gauntlet and Ice Cave.

You collected 4587 gold pieces.
You spent 2776 gold pieces at shops.

Inventory:

Hand Weapons
 X - a cursed +9 quarterstaff of draining (weapon)
Missiles
 j - 25 silver javelins (quivered)
 t - 5 silver boomerangs
 w - 3 throwing nets
Armour
 c - a +2 plate armour of magic resistance (worn)
 m - a cursed +2 pair of boots of running (worn)
 p - a scarf of repulsion
 J - the +1 cloak "Cull" (worn) {rElec rPois Dex+4 Slay-2}
   (You found it on level 3 of the Vaults)

   It affects your dexterity (+4).
   It affects your accuracy and damage with ranged weapons and melee attacks
   (-2).
   It insulates you from electricity.
   It protects you from poison.
 O - a +2 pair of gloves of archery (worn)
 V - a cursed +2 helmet of intelligence (worn)
Jewellery
 b - a +4 ring of evasion (left hand)
 k - an uncursed ring of protection from cold
 v - the cursed amulet of Temptation (around neck) {Faith Str+4 Slay+4}
   (You found it in a Gauntlet)

   [amulet of faith]

   It allows you to gain divine favour quickly.
   It affects your strength (+4).
   It affects your accuracy and damage with ranged weapons and melee attacks
   (+4).
   It has a curse placed upon it.
 B - the ring "Cakyrot" {rPois rF+ rC- rN+ Int+2}
   (You found it on level 12 of the Dungeon)

   [ring of protection from fire]

   It affects your intelligence (+2).
   It protects you from fire.
   It makes you vulnerable to cold.
   It protects you from poison.
   It protects you from negative energy.
 L - a ring of wizardry (right hand)
Wands
 a - a wand of flame (48)
 Q - a wand of paralysis (20)
 R - a wand of digging (5)
 S - a wand of polymorph (33)
 Z - a wand of iceblast (10)
Scrolls
 f - a scroll of holy word
 h - 8 scrolls of teleportation
 n - 2 scrolls of fear
 o - 7 scrolls of blinking
 y - 2 scrolls of remove curse {@r2}
 D - 5 scrolls of magic mapping
 E - 4 scrolls of amnesia
 H - 3 scrolls of fog
 I - 2 scrolls of silence {!r}
 K - 2 scrolls of immolation
 T - 21 scrolls of identify {@r1}
 Y - 3 scrolls of vulnerability
Potions
 g - 6 potions of might
 i - 8 potions of flight
 l - 7 potions of curing {@q1}
 r - 3 potions of brilliance
 s - a potion of cancellation
 x - a potion of heal wounds {@q2}
 A - 9 potions of lignification
 F - 2 potions of mutation {!q}
 G - 2 potions of stabbing
 M - 2 potions of resistance
 N - a potion of haste
 P - 2 potions of invisibility
 W - 2 potions of ambrosia
Miscellaneous
 d - a phantom mirror
 q - a box of beasts (3/3)
 z - a phantom mirror
 C - a phantom mirror
 U - a tin of tremorstones (3/3)


   Skills:
 + Level 15.2 Fighting
 + Level 14.1 Short Blades
 + Level 14.1 Long Blades
 + Level 14.1 Axes
 + Level 14.1 Maces & Flails
 + Level 14.1 Polearms
 + Level 14.1(19.4) Staves
 + Level 14.1 Slings
 + Level 14.1 Bows
 + Level 14.1 Crossbows
 + Level 14.1 Throwing
 + Level 14.1 Armour
 + Level 15.2 Dodging
 + Level 14.6 Stealth
 + Level 14.1 Shields
 + Level 15.2 Unarmed Combat
 + Level 14.1 Spellcasting
 + Level 12.1 Conjurations
 + Level 12.1 Hexes
 + Level 12.1 Summonings
 + Level 12.1 Necromancy
 + Level 12.1 Translocations
 + Level 12.1 Transmutations
 + Level 12.1 Fire Magic
 + Level 12.1 Ice Magic
 + Level 12.1 Air Magic
 + Level 12.1 Earth Magic
 + Level 12.1 Poison Magic
 + Level 15.2 Invocations
 + Level 14.1 Evocations


You had 3 spell levels left.
You knew the following spells:

 Your Spells              Type           Power        Failure   Level
a - Borgnjor's Vile Clut  Necr/Erth      ######....   3%          5
b - Alistair's Intoxicat  Tmut/Pois      ######...    3%          5
c - Ignite Poison         Fire/Tmut/Pois ######..     1%          3
d - Gell's Gravitas       Tloc           ######....   1%          3
f - Teleport Other        Tloc           ######..     1%          3
g - Blink                 Tloc           N/A          1%          2
q - Summon Guardian Gole  Hex/Summ       ######..     1%          3
s - Death Channel         Necr           ######....   19%         6
v - Metabolic Englaciati  Hex/Ice        ######....   3%          5
w - Summon Lightning Spi  Summ/Air       ######..     1%          4
x - Olgreb's Toxic Radia  Pois           ######..     1%          4
z - Wereblood             Tmut           ######..     1%          2

Your spell library contained the following spells:

 Spells                   Type           Power        Failure   Level
 Animate Skeleton         Necr           ######       1%          1
 Apportation              Tloc           ######       1%          1
 Beastly Appendage        Tmut           ######       1%          1
 Corona                   Hex            ######.      1%          1
 Magic Dart               Conj           ####         1%          1
 Sting                    Tmut/Pois      ####         1%          1
 Summon Small Mammal      Summ           ####         1%          1
 Call Imp                 Summ           ######..     1%          2
 Ensorcelled Hibernation  Hex/Ice        ######       1%          2
 Poisonous Vapours        Pois/Air       ######       1%          2
 Slow                     Hex            ######..     1%          2
 Call Canine Familiar     Summ           ######..     1%          3
 Confusing Touch          Hex            ######..     1%          3
 Conjure Flame            Conj/Fire      ######..     1%          3
 Dazzling Flash           Conj/Hex       ######       1%          3
 Lesser Beckoning         Tloc           ######....   1%          3
 Mephitic Cloud           Conj/Pois/Air  ######..     1%          3
 Portal Projectile        Hex/Tloc       ######       1%          3
 Spider Form              Tmut/Pois      ######....   1%          3
 Tukima's Dance           Hex            ######..     1%          3
 Animate Dead             Necr           ######....   1%          4
 Ice Form                 Ice/Tmut       ######..     1%          4
 Passage of Golubria      Tloc           N/A          1%          4
 Petrify                  Tmut/Erth      ######..     1%          4
 Summon Ice Beast         Ice/Summ       ######..     1%          4
 Blade Hands              Tmut           ######....   3%          5
 Bolt of Magma            Conj/Fire/Erth ######....   3%          5
 Irradiate                Conj/Tmut      ######....   3%          5
 Iskenderun's Battlesphe  Conj           ######..     3%          5
 Silence                  Hex/Air        ######....   3%          5
 Yara's Violent Unravell  Hex/Tmut       ######....   3%          5
 Dispersal                Tloc           ######....   19%         6
 Freezing Cloud           Conj/Ice/Air   ######....   19%         6
 Hydra Form               Tmut           ######....   19%         6
 Iron Shot                Conj/Erth      ######....   19%         6
 Ozocubu's Refrigeration  Ice            ######....   19%         6
 Simulacrum               Ice/Necr       ######....   19%         6
 Statue Form              Tmut/Erth      ######...    19%         6
 Dragon Form              Tmut           ######....   67%         7
 Orb of Destruction       Conj           ######....   67%         7
 Spellforged Servitor     Conj/Summ      ######....   67%         7
 Disjunction              Tloc           ######....   100%        8


Dungeon Overview and Level Annotations

Branches:
Dungeon (15/15)            Temple (0/1) D:6            Lair (6/6) D:10
  Swamp (4/4) Lair:4       Spider (4/4) Lair:3        Slime (0/5) Lair:5
    Orc (2/2) D:9             Elf (0/3) Orc:2        Vaults (3/5) D:14
  Crypt (0/3) Vaults:3     Depths (0/5) D:15          IceCv (visited)
Gauntlet (visited)

Altars:
Ashenzari
Cheibriados
Elyvilon
Kikubaaqudgha
Qazlal
Xom
Yredelemnul
Zin
The Shining One
Beogh

Shops:
D:10 [   Orc:2 :(*([   Vaults:2 ?   Vaults:3 [

Portals:
Trove: D:14 (give 2 scrolls of acquirement)

Annotations:
D:15 Roxanne
Swamp:1 3 runed translucent doors, Louise; Neoqatuwkar's ghost, adept MiFi; Zaaplaex's ghost, adept FoAK
Spider:4 3 runed translucent doors, kal9871's ghost, adept OgTm


Innate Abilities, Weirdness & Mutations

Your experience applies equally to all skills.
You have very sharp teeth.
Your uncanny sense of smell can sniff out nearby items.


Message History

Press ? for a list of commands and other information.
Saving game... please wait.
Welcome back, 1player the Gnoll Monk.
Ashenzari says: Partake of my vision.
Partake of my curse.
Press ? for a list of commands and other information.
Saving game... please wait.
Welcome back, 1player the Gnoll Monk.
Ashenzari says: Partake of my vision.
Partake of my curse.
Press ? for a list of commands and other information.
Are you sure you want to abandon this character and quit the game? (Confirm with "yes".)
Okay, then.
Unknown command.
Saving game... please wait.
Welcome back, 1player the Gnoll Monk.
Ashenzari says: Partake of my vision.
Partake of my curse.
Press ? for a list of commands and other information.
Quiver which item? (- for none, * to show all) (? for menu, Esc to quit)
Okay, then.
Unknown command.
Are you sure you want to abandon this character and quit the game? (Confirm with "yes".)

......#.).).....[.[..............
..^..............).).............
......#.)...[....))).............
#...........[..)[[<..............
##...........[....[..............
##...............................
##...............................
..........#......................
................@.......#........
................∩................
........................#....##..
.................................
..........................#...#.#
...............#....#......#..##.
...................#......#....##
.................###..........###
.............#....###........##


There were no monsters in sight!

Vanquished Creatures
  Sojobo (Vaults:2)
  Xtahua (Vaults:2)
  Arachne (Spider:1)
  A tentacled monstrosity (Vaults:3)
  Gastronok (D:8)
  A storm dragon (Vaults:1)
  2 thorn hunters
  4 tengu reavers
  A sphinx (Vaults:2)
  Kirke (Spider:1)
  Donald (Spider:2)
  3 deep elf sorcerers
  A fire giant (Vaults:2)
  4 ghost moths
  A frost giant (IceCv)
  10 vault wardens
  2 emperor scorpions (Spider:4)
  2 angels (Vaults:3)
  4 entropy weavers
  8 ironheart preservers
  4 stone giants
  3 minotaurs
  2 ettins
  A deep elf death mage (Vaults:1)
  A great orb of eyes (Vaults:3)
  6 yaktaur captains
  The ghost of Qyacle Coxe the Geomancer, a journeyman GrEE of Sif Muna (Lair:2)
  4 fire dragons
  A rakshasa (Vaults:1)
  26 hydras
  Erolcha (D:12)
  2 ice dragons
  Harold (D:7)
  A hell beast (D:13)
  3 vault guards
  A death knight (Vaults:2)
  19 alligators
  23 two-headed ogres
  6 centaur warriors
  8 ogre magi
  3 shambling mangroves
  7 death yaks
  4 death scarabs (Spider:4)
  2 tengu warriors (D:15)
  Urug (Lair:2)
  4 hell knights
  5 deep elf knights
  13 spriggans
  Nergalle (D:12)
  A shadow wraith (Vaults:1)
  A deep troll (Vaults:3)
  A spriggan druid (Swamp:3)
  A spectral emperor scorpion (Spider:4)
  An unseen horror (D:15)
  6 swamp dragons
  2 wizards
  2 deep elf archers
  3 wolf spider zombies (Spider:4)
  A glowing orange brain (Lair:6)
  12 orc knights
  3 spectral wolf spiders (Spider:4)
  10 ironbrand convokers
  Pikel (D:5)
  34 ugly things
  17 orb spiders
  2 necromancers
  2 human zombies (Vaults:3)
  12 deep elf magi
  3 cyclopes
  28 wolf spiders
  3 oklob plants (Lair:2)
  A moth of wrath (shapeshifter) (Vaults:2)
  9 orc sorcerers
  3 moths of wrath
  A tengu skeleton (Vaults:3)
  2 manticores
  9 elephants
  An ice statue (IceCv)
  Maurice (D:11)
  8 vault sentinels
  2 molten gargoyles (Gauntlet)
  5 spectral redbacks (Spider:4)
  16 cane toads
  An orange demon (D:13)
  7 gargoyles
  7 centaur skeletons
  2 rime drakes
  8 komodo dragons
  6 freezing wraiths
  30 yaktaurs
  A yaktaur skeleton (Vaults:3)
  14 demonic crawlers
  A tengu conjurer (D:15)
  A redback zombie (Spider:4)
  2 trolls
  A troll (shapeshifter) (Vaults:1)
  26 polar bears
  3 meliai (Gauntlet)
  42 jumping spiders
  A spectral tarantella (Spider:4)
  A tengu simulacrum (Vaults:2)
  14 tyrant leeches
  4 spectral jumping spiders (Spider:4)
  A polar bear (shapeshifter) (Gauntlet)
  3 raiju (Lair:6)
  20 blink frogs
  8 bog bodies
  A raiju (shapeshifter) (D:15)
  23 slime creatures
  A snapping turtle (shapeshifter) (Gauntlet)
  36 hornets
  A tarantella zombie (Spider:4)
  2 jumping spider zombies (Spider:4)
  A hippogriff (shapeshifter) (Vaults:3)
  6 dream sheep (Lair:6)
  6 hippogriffs
  An ettin zombie (Vaults:3)
  A redback (shapeshifter) (D:15)
  42 redbacks
  10 shadows
  A water elemental (D:13)
  33 tarantellas
  6 wyverns
  A hog (shapeshifter) (Gauntlet)
  3 hogs (Spider:2)
  49 yaks
  2 wraiths
  A fire elemental (D:13)
  A human (shapeshifter) (Vaults:1)
  A golden eye (D:13)
  2 steam dragons
  5 basilisks
  11 wargs
  A warg (shapeshifter) (Vaults:1)
  4 insubstantial wisps (Swamp:3)
  17 vampire mosquitoes
  3 acid dragons
  12 hell hounds (Lair:6)
  A soldier ant (shapeshifter) (Vaults:3)
  8 water moccasins
  15 swamp worms
  7 porcupines
  2 spectral hornets (Spider:4)
  13 swamp drakes
  3 sky beasts
  29 orc warriors
  6 ice beasts
  14 black bears
  A hornet zombie (Spider:4)
  32 ogres
  An eye of draining (D:10)
  A phantom (D:4)
  A tengu (D:8)
  25 wolves
  13 centaurs
  6 boggarts
  3 necrophages
  2 big kobolds
  11 crocodiles
  15 bullfrogs
  A wyvern skeleton (D:13)
  4 scorpions
  2 human simulacra (Vaults:2)
  10 killer bees
  25 wights
  3 howler monkeys (D:8)
  5 electric eels
  6 centaur zombies
  4 jellies
  4 lava snakes (D:13)
  A wyvern simulacrum (D:8)
  Crazy Yiuf (D:4)
  16 orc priests
  5 hounds
  47 orc wizards
  2 bullfrog skeletons
  6 iron imps (D:13)
  5 iguanas
  Ijyb (D:4)
  13 worker ants
  2 killer bee zombies
  A hound zombie (D:7)
  A killer bee simulacrum (D:8)
  11 adders
  21 gnolls
  10 white imps
  2 ufetubi (D:8)
  4 oozes
  An adder zombie (D:5)
  4 adder skeletons
  A worm (D:3)
  2 dart slugs
  An adder simulacrum (D:8)
  6 leopard geckos
  117 orcs
  2 giant cockroaches
  2 goblins (D:1)
  6 hobgoblins
  13 jackals
  2 quokkas
  3 ball pythons
  11 bats
  A frilled lizard (D:2)
  15 kobolds
  A leopard gecko zombie (D:5)
  A quokka skeleton (D:6)
  12 rats
  A plant (Lair:6)
1520 creatures vanquished.

Vanquished Creatures (collateral kills)
  Mara (Swamp:4)
  Margery (Vaults:1)
  A quicksilver dragon (shapeshifter) (Vaults:3)
  2 thorn hunters (Swamp:4)
  A storm dragon (Vaults:3)
  3 vault wardens
  A frost giant (Vaults:3)
  3 ironheart preservers
  An entropy weaver (Vaults:2)
  A deep elf demonologist (Vaults:3)
  An ettin (Vaults:3)
  5 yaktaur captains
  4 vault guards
  2 ogre magi
  A shambling mangrove (Swamp:3)
  2 centaur warriors
  A two-headed ogre (Vaults:3)
  2 alligators
  4 death scarabs (Spider:4)
  A spriggan (Swamp:4)
  A fire crab (shapeshifter) (Vaults:1)
  3 slime creatures (Swamp:3)
  A deep elf knight (Vaults:1)
  A spriggan druid (Swamp:3)
  3 deep trolls (Vaults:3)
  3 swamp dragons (Swamp:4)
  A deep elf archer (Vaults:1)
  5 ironbrand convokers
  A wolf spider (Spider:1)
  4 deep elf magi
  5 ugly things
  A cyclops (Vaults:1)
  2 vault sentinels
  A cane toad (Swamp:4)
  5 yaktaurs
  A freezing wraith (Vaults:3)
  A queen bee (D:9)
  A hornet (Swamp:4)
  A bog body (Swamp:3)
  A yak (D:13)
  2 vampire mosquitoes (Swamp:4)
  3 swamp drakes
  2 orc warriors
  A black bear (Lair:6)
  2 ogres (Vaults:3)
  2 orc priests
  A gnoll (D:13)
  A white imp (Vaults:2)
  5 orcs
  2 kobolds (D:9)
  2 briar patches (Swamp:4)
103 creatures vanquished.

Vanquished Creatures (others)
  A large abomination (Vaults:1)
  A catoblepas (Gauntlet)
  An alligator (Swamp:3)
  An unseen horror (D:11)
  A yaktaur (D:13)
  A slime creature (D:13)
  A porcupine (Lair:5)
  An ice beast (D:7)
  2 wolves
  A crocodile (Lair:6)
  An ogre (Vaults:2)
  A big kobold (D:9)
  An iguana (D:9)
  An orc wizard (D:12)
  An orc (Vaults:3)
  A butterfly (Lair:5)
  15 fungi
  18 plants
  4 withered plants (Swamp:1)
54 creatures vanquished.

Grand Total: 1677 creatures vanquished

Notes
Turn   | Place    | Note
-------+----------+-------------------------------------------
     0 | D:1      | 1player the Gnoll Monk began the quest for the Orb.
     0 | D:1      | Reached XP level 1. HP: 23/23 MP: 1/1
   172 | D:1      | Reached XP level 2. HP: 29/29 MP: 2/2
   789 | D:1      | Found a hazy altar of Hepliaklqana.
   791 | D:1      | Found a shimmering altar of Xom.
   791 | D:1      | Found an opulent altar of Gozag.
   796 | D:1      | Found a sacrificial altar of Ru.
   796 | D:1      | Found a blossoming altar of Fedhas.
   796 | D:1      | Found a basalt altar of Yredelemnul.
   846 | D:2      | Reached XP level 3. HP: 35/35 MP: 3/3
   963 | D:2      | Found a shattered altar of Ashenzari.
   970 | D:2      | Became a worshipper of Ashenzari the Shackled
   970 | D:2      | Reached * piety under Ashenzari
   970 | D:2      | Reached ** piety under Ashenzari
  1169 | D:2      | Reached skill level 1 in Invocations
  1607 | D:3      | Reached skill level 1 in Short Blades
  1607 | D:3      | Reached skill level 1 in Long Blades
  1607 | D:3      | Reached skill level 1 in Axes
  1607 | D:3      | Reached skill level 1 in Maces & Flails
  1607 | D:3      | Reached skill level 1 in Polearms
  1607 | D:3      | Reached skill level 1 in Staves
  1607 | D:3      | Reached skill level 1 in Slings
  1607 | D:3      | Reached skill level 1 in Bows
  1607 | D:3      | Reached skill level 1 in Crossbows
  1607 | D:3      | Reached skill level 1 in Throwing
  1607 | D:3      | Reached skill level 1 in Armour
  1607 | D:3      | Reached skill level 1 in Shields
  1607 | D:3      | Reached skill level 1 in Spellcasting
  1607 | D:3      | Reached skill level 1 in Evocations
  1697 | D:3      | Reached XP level 4. HP: 41/41 MP: 5/5
  1737 | D:3      | Reached skill level 1 in Conjurations
  1737 | D:3      | Reached skill level 1 in Hexes
  1737 | D:3      | Reached skill level 1 in Summonings
  1737 | D:3      | Reached skill level 1 in Necromancy
  1737 | D:3      | Reached skill level 1 in Translocations
  1737 | D:3      | Reached skill level 1 in Transmutations
  1737 | D:3      | Reached skill level 1 in Fire Magic
  1737 | D:3      | Reached skill level 1 in Ice Magic
  1737 | D:3      | Reached skill level 1 in Air Magic
  1737 | D:3      | Reached skill level 1 in Earth Magic
  1737 | D:3      | Reached skill level 1 in Poison Magic
  1988 | D:3      | Reached XP level 5. HP: 41/47 MP: 5/7
  2244 | D:4      | Noticed Ijyb
  2244 | D:4      | Noticed an ogre
  2391 | D:4      | Noticed an ogre
  2531 | D:3      | Killed an ogre
  2531 | D:3      | Reached XP level 6. HP: 49/53 MP: 8/8
  2721 | D:4      | Reached XP level 7. HP: 55/59 MP: 10/10
  2910 | D:4      | Found a runed translucent door.
  2911 | D:4      | Noticed Crazy Yiuf
  2982 | D:4      | Killed Ijyb
  3301 | D:5      | Entered Level 5 of the Dungeon
  3308 | D:5      | Noticed Pikel
  3360 | D:5      | Found a shattered altar of Ashenzari.
  3458 | D:4      | Reached skill level 5 in Stealth
  3661 | D:4      | Reached XP level 8. HP: 56/67 MP: 12/12
  3809 | D:5      | Killed Pikel
  4656 | D:6      | Found a staircase to the Ecumenical Temple.
  4995 | D:6      | Reached XP level 9. HP: 43/72 MP: 14/14
  5421 | D:7      | Reached *** piety under Ashenzari
  5740 | D:7      | Noticed Harold
  6265 | D:8      | Noticed a death yak
  6589 | D:8      | Noticed a death yak
  6711 | D:7      | Killed a death yak
  6711 | D:7      | Reached skill level 5 in Invocations
  6961 | D:8      | Noticed Gastronok
  7044 | D:8      | Noticed a polar bear
  7092 | D:8      | Killed a polar bear
  7092 | D:8      | Reached XP level 10. HP: 41/80 MP: 17/17
  7346 | D:8      | Noticed a two-headed ogre
  7404 | D:8      | Killed a two-headed ogre
  7404 | D:8      | Reached skill level 5 in Short Blades
  7404 | D:8      | Reached skill level 5 in Long Blades
  7404 | D:8      | Reached skill level 5 in Axes
  7404 | D:8      | Reached skill level 5 in Maces & Flails
  7404 | D:8      | Reached skill level 5 in Polearms
  7404 | D:8      | Reached skill level 5 in Staves
  7404 | D:8      | Reached skill level 5 in Slings
  7404 | D:8      | Reached skill level 5 in Bows
  7404 | D:8      | Reached skill level 5 in Crossbows
  7404 | D:8      | Reached skill level 5 in Throwing
  7404 | D:8      | Reached skill level 5 in Armour
  7404 | D:8      | Reached skill level 5 in Shields
  7404 | D:8      | Reached skill level 5 in Spellcasting
  7404 | D:8      | Reached skill level 5 in Evocations
  7978 | D:9      | Noticed Joseph
  8471 | D:9      | Found a staircase to the Orcish Mines.
  8648 | D:9      | Noticed Joseph
  8648 | D:9      | Joseph changed into Joseph the queen bee
  8807 | D:9      | Killed Joseph the queen bee
  8807 | D:9      | Reached XP level 11. HP: 78/87 MP: 19/19
  9427 | D:10     | Entered Level 10 of the Dungeon
  9427 | D:10     | Reached **** piety under Ashenzari
  9728 | D:10     | Found a staircase to the Lair.
  9746 | D:10     | Reached skill level 5 in Conjurations
  9746 | D:10     | Reached skill level 5 in Hexes
  9746 | D:10     | Reached skill level 5 in Summonings
  9746 | D:10     | Reached skill level 5 in Necromancy
  9746 | D:10     | Reached skill level 5 in Translocations
  9746 | D:10     | Reached skill level 5 in Transmutations
  9746 | D:10     | Reached skill level 5 in Fire Magic
  9746 | D:10     | Reached skill level 5 in Ice Magic
  9746 | D:10     | Reached skill level 5 in Air Magic
  9746 | D:10     | Reached skill level 5 in Earth Magic
  9746 | D:10     | Reached skill level 5 in Poison Magic
  9940 | D:10     | Noticed a two-headed ogre
 11032 | D:10     | Found Qysu's Antique Armour Shoppe.
 11036 | D:10     | Bought a glowing helmet for 277 gold pieces
 11036 | D:10     | Bought a pair of smouldering boots for 351 gold pieces
 11041 | D:10     | Identified the +0 pair of boots of the Carpenter {Regen+
                  | Dex+7} (You bought it in a shop on level 10 of the Dungeon)
 11487 | D:10     | Noticed a two-headed ogre
 11510 | D:10     | Killed a two-headed ogre
 11697 | D:11     | Noticed a manticore
 11707 | D:11     | Killed a manticore
 11871 | D:11     | Noticed a cyan ugly thing
 12012 | D:11     | Noticed a deep elf mage
 12015 | D:11     | Killed a deep elf mage
 12145 | D:11     | Identified the +2 trident of Laceration {vorpal, rElec}
 12193 | D:11     | Found a snail-covered altar of Cheibriados.
 12196 | D:11     | Noticed a two-headed ogre
 12213 | D:11     | Killed a two-headed ogre
 12213 | D:11     | Reached XP level 12. HP: 85/96 MP: 22/22
 12403 | D:11     | Noticed Maurice
 12417 | D:11     | Killed Maurice
 12539 | Lair:1   | Entered Level 1 of the Lair of Beasts
 13168 | Lair:1   | Reached ***** piety under Ashenzari
 13200 | Lair:1   | Learned a level 2 spell: Blink
 13203 | Lair:1   | Learned a level 2 spell: Slow
 13206 | Lair:1   | Learned a level 2 spell: Wereblood
 13464 | Lair:2   | Noticed an eight-headed hydra
 13588 | Lair:2   | Noticed Urug
 13928 | Lair:2   | Noticed a seven-headed hydra
 13964 | Lair:2   | Found a stormy altar of Qazlal.
 14018 | Lair:2   | Killed an eight-headed hydra
 14018 | Lair:2   | Reached skill level 10 in Fighting
 14018 | Lair:2   | Reached skill level 10 in Dodging
 14018 | Lair:2   | Reached skill level 10 in Unarmed Combat
 14904 | Lair:3   | Found a hole to the Spider Nest.
 14910 | Lair:3   | Reached XP level 13. HP: 94/103 MP: 24/24
 14931 | Lair:3   | Found a runed translucent door.
 14931 | Lair:3   | Noticed Qyacle Coxe's ghost (journeyman GrEE)
 15213 | Lair:2   | Killed Qyacle Coxe's ghost
 15825 | Lair:4   | Found a staircase to the Swamp.
 16214 | Lair:4   | Learned a level 3 spell: Confusing Touch
 16884 | Lair:5   | Found a staircase to the Slime Pits.
 16959 | Lair:5   | Identified the ring "Jexuorug" {*Slow rPois MR+ Int+6 SInv}
 17821 | Lair:5   | Learned a level 3 spell: Summon Guardian Golem
 17850 | Lair:6   | Entered Level 6 of the Lair of Beasts
 18809 | Lair:6   | Reached XP level 14. HP: 92/111 MP: 26/26
 19154 | Lair:6   | Reached skill level 10 in Stealth
 19673 | Lair:6   | Learned a level 2 spell: Ensorcelled Hibernation
 19842 | D:12     | Identified the ring "Cakyrot" {rPois rF+ rC- rN+ Int+2}
 19857 | D:12     | Reached skill level 10 in Invocations
 19868 | D:12     | Reached ****** piety under Ashenzari
 19988 | D:12     | Identified the +3 falchion of Zevess {vorpal, rN+ SInv}
 20059 | D:12     | Noticed Nergalle
 20077 | D:12     | Killed Nergalle
 20098 | D:12     | Noticed Erolcha
 20108 | D:12     | Killed Erolcha
 20851 | D:13     | Found an ancient bone altar of Kikubaaqudgha.
 21777 | D:13     | Reached XP level 15. HP: 119/119 MP: 28/28
 22029 | D:9      | Learned a level 4 spell: Olgreb's Toxic Radiance
 22033 | D:9      | Learned a level 3 spell: Ignite Poison
 22034 | Orc:1    | Entered Level 1 of the Orcish Mines
 22072 | Orc:1    | Upgraded the game from 0.26-a0-466-g989023bd0d to
                  | 0.26-a0-540-g8a0c9464d7
 22149 | Orc:2    | Entered Level 2 of the Orcish Mines
 22149 | Orc:2    | Found Safeatehiu's General Store.
 22306 | Orc:2    | Bought a scroll of enchant weapon for 112 gold pieces
 22535 | Orc:1    | Found a roughly hewn altar of Beogh.
 22829 | Orc:2    | Found Kueluvoe's Antique Weapon Shop.
 22829 | Orc:2    | Found Ocyi's Book Emporium.
 22887 | Orc:2    | Found a roughly hewn altar of Beogh.
 22921 | Orc:2    | Found Hodoun's Armour Shop.
 22921 | Orc:2    | Found Mackoqew's Weapon Emporium.
 23018 | Orc:2    | Found a staircase to the Elven Halls.
 23230 | Orc:2    | Bought a +3 chain mail of magic resistance for 424 gold
                  | pieces
 23471 | Orc:2    | Learned a level 3 spell: Gell's Gravitas
 23925 | D:8      | Killed Gastronok
 24373 | D:4      | Killed Crazy Yiuf
 24527 | D:7      | Killed Harold
 24656 | Lair:2   | Reached skill level 10 in Short Blades
 24656 | Lair:2   | Reached skill level 10 in Long Blades
 24656 | Lair:2   | Reached skill level 10 in Axes
 24656 | Lair:2   | Reached skill level 10 in Maces & Flails
 24656 | Lair:2   | Reached skill level 10 in Polearms
 24656 | Lair:2   | Reached skill level 10 in Staves
 24656 | Lair:2   | Reached skill level 10 in Slings
 24656 | Lair:2   | Reached skill level 10 in Bows
 24656 | Lair:2   | Reached skill level 10 in Crossbows
 24656 | Lair:2   | Reached skill level 10 in Throwing
 24656 | Lair:2   | Reached skill level 10 in Armour
 24656 | Lair:2   | Reached skill level 10 in Shields
 24656 | Lair:2   | Reached skill level 10 in Spellcasting
 24656 | Lair:2   | Reached skill level 10 in Evocations
 24765 | Lair:2   | Killed Urug
 25693 | D:14     | Found a gate leading to a gauntlet.
 25703 | Gauntlet | Entered a Gauntlet
 25703 | Gauntlet | Found a transporter.
 25710 | Gauntlet | Found a transporter.
 25713 | Gauntlet | Found a transporter.
 25718 | Gauntlet | Found a transporter.
 25725 | Gauntlet | Found a transporter.
 25729 | Gauntlet | Found a transporter.
 25734 | Gauntlet | Found a transporter.
 25741 | Gauntlet | Found a transporter.
 25744 | Gauntlet | Found a transporter.
 25750 | Gauntlet | Found a runed translucent gate.
 25752 | Gauntlet | Identified the amulet of Temptation {Faith Str+4 Slay+4}
 25752 | Gauntlet | Found a transporter.
 25753 | Gauntlet | Found a runed translucent gate.
 25754 | Gauntlet | Found a runed translucent gate.
 25756 | Gauntlet | Found a transporter.
 25764 | Gauntlet | Found a transporter.
 25785 | Gauntlet | Found a transporter.
 25797 | Gauntlet | Found a transporter.
 26308 | D:14     | Found a portal to a secret trove of treasure.
 26457 | D:14     | Found a gate to the Vaults.
 26851 | D:14     | Identified the +1 quarterstaff "Xublupt" {venom, MR+}
 26951 | D:15     | Entered Level 15 of the Dungeon
 27012 | D:15     | Found a frozen archway.
 27027 | IceCv    | Entered an ice cave
 27055 | IceCv    | Identified a +1 pair of boots of running
 27213 | IceCv    | Learned a level 4 spell: Summon Ice Beast
 27218 | IceCv    | Learned a level 4 spell: Summon Lightning Spire
 27248 | IceCv    | Reached XP level 16. HP: 99/127 MP: 30/30
 28158 | D:15     | Identified Roxanne's Almanac of Transformation
 28158 | D:15     | Noticed Roxanne
 28411 | D:15     | Found a white marble altar of Elyvilon.
 29038 | D:15     | Found a staircase to the Depths.
 29392 | Spider:1 | Entered Level 1 of the Spider Nest
 32084 | Spider:2 | Noticed Donald
 32151 | Spider:2 | Killed Donald
 32256 | Spider:2 | Noticed Arachne
 32256 | Spider:2 | Noticed Kirke
 32345 | Spider:1 | Killed Kirke
 32760 | Spider:1 | Killed Arachne
 32760 | Spider:1 | Reached XP level 17. HP: 110/135 MP: 32/32
 35329 | Spider:3 | Learned a level 5 spell: Metabolic Englaciation
 35642 | Spider:4 | Entered Level 4 of the Spider Nest
 36011 | Spider:4 | Identified the cursed +0 chain mail "Rity" {rElec rF-
                  | Str+4}
 36241 | Spider:4 | Found a runed translucent gate.
 36241 | Spider:4 | Found a runed translucent gate.
 36241 | Spider:4 | Found a runed translucent gate.
 36245 | Spider:4 | Noticed kal9871's ghost (adept OgTm)
 36247 | Spider:4 | Identified the +0 helmet of Liton {Str-2 Dex+3 Stlth+}
 36318 | Spider:4 | Reached skill level 10 in Conjurations
 36318 | Spider:4 | Reached skill level 10 in Hexes
 36318 | Spider:4 | Reached skill level 10 in Summonings
 36318 | Spider:4 | Reached skill level 10 in Necromancy
 36318 | Spider:4 | Reached skill level 10 in Translocations
 36318 | Spider:4 | Reached skill level 10 in Transmutations
 36318 | Spider:4 | Reached skill level 10 in Fire Magic
 36318 | Spider:4 | Reached skill level 10 in Ice Magic
 36318 | Spider:4 | Reached skill level 10 in Air Magic
 36318 | Spider:4 | Reached skill level 10 in Earth Magic
 36318 | Spider:4 | Reached skill level 10 in Poison Magic
 38188 | Spider:4 | Reached XP level 18. HP: 81/143 MP: 33/33
 38870 | Spider:4 | Got a gossamer rune of Zot
 39381 | Swamp:1  | Entered Level 1 of the Swamp
 39674 | Swamp:1  | Noticed Louise
 40079 | Swamp:1  | Found a runed translucent gate.
 40094 | Swamp:1  | Found a runed translucent gate.
 40096 | Swamp:1  | Found a runed translucent gate.
 40539 | Swamp:1  | Noticed Neoqatuwkar's ghost (adept MiFi)
 40540 | Swamp:1  | Noticed Zaaplaex's ghost (adept FoAK)
 42681 | Swamp:2  | Identified the +6 chain mail "Qonamief" {rN+ Str-5 Dex+4
                  | SInv}
 44487 | Swamp:4  | Entered Level 4 of the Swamp
 45191 | Swamp:4  | Found the +4 robe of Augmentation {Str+4 Int+4 Dex+4}
 45304 | Swamp:4  | Reached XP level 19. HP: 103/151 MP: 14/35
 45982 | Swamp:4  | Noticed Mara
 46125 | Swamp:4  | Killed Mara
 46362 | Swamp:4  | Got a decaying rune of Zot
 46967 | Vaults:1 | Entered Level 1 of the Vaults
 47797 | Vaults:1 | Learned a level 3 spell: Teleport Other
 49750 | Vaults:1 | Found a gateway to a bazaar.
 49806 | Bazaar   | Entered a bazaar
 49810 | Bazaar   | Found Geevo's Assorted Antiques.
 49828 | Bazaar   | Found Qeegg's Antique Armour Emporium.
 49845 | Bazaar   | Found Ijoj's Magic Scroll Boutique.
 49862 | Bazaar   | Found Mefycs's Antique Armour Shoppe.
 49899 | Bazaar   | Bought a scroll of enchant weapon for 105 gold pieces
 49899 | Bazaar   | Bought a scroll of acquirement for 728 gold pieces
 49899 | Bazaar   | Bought a scroll of blinking for 105 gold pieces
 49904 | Bazaar   | Acquired the Collected Works on Cloudy Poisoning
 49914 | Bazaar   | Learned a level 5 spell: Alistair's Intoxication
 49929 | Bazaar   | Bought a pair of glowing gloves for 135 gold pieces
 50791 | Vaults:2 | Noticed Margery
 50836 | Vaults:1 | Killed Margery
 50836 | Vaults:1 | Reached XP level 20. HP: 82/160 MP: 32/37
 51205 | Vaults:2 | Found Refom's Magic Scroll Shop.
 51210 | Vaults:2 | Bought a scroll of silence for 150 gold pieces
 51210 | Vaults:2 | Bought a scroll of teleportation for 60 gold pieces
 51210 | Vaults:2 | Bought a scroll of remove curse for 60 gold pieces
 51297 | Vaults:2 | Noticed Sojobo
 52142 | Vaults:2 | Killed Sojobo
 53433 | Vaults:2 | Learned a level 5 spell: Borgnjor's Vile Clutch
 53441 | Vaults:2 | Learned a level 6 spell: Death Channel
 55435 | Vaults:3 | Found a ruined gateway.
 55467 | Vaults:3 | Found a glowing golden altar of the Shining One.
 55467 | Vaults:3 | Found a glowing silver altar of Zin.
 55467 | Vaults:3 | Found a white marble altar of Elyvilon.
 56028 | Vaults:3 | Reached XP level 21. HP: 104/167 MP: 32/38
 56940 | Vaults:3 | Reached skill level 15 in Fighting
 56940 | Vaults:3 | Reached skill level 15 in Dodging
 56940 | Vaults:3 | Reached skill level 15 in Unarmed Combat
 57071 | Vaults:3 | Reached skill level 15 in Invocations
 57729 | Vaults:3 | Noticed Xtahua
 58278 | Vaults:2 | Killed Xtahua
 58926 | Vaults:3 | Identified the +1 cloak "Cull" {rElec rPois Dex+4 Slay-2}
 59167 | Vaults:3 | Found Ecruetz's Armour Emporium.
 59355 | Vaults:3 | Found a staircase to the Crypt.
 59355 | Vaults:3 | Found an ancient bone altar of Kikubaaqudgha.
 59356 | Vaults:3 | Found a basalt altar of Yredelemnul.
 59721 | Orc:2    | Bought a scroll of remove curse for 45 gold pieces
 59721 | Orc:2    | Bought a scroll of blinking for 112 gold pieces
 59721 | Orc:2    | Bought a scroll of enchant armour for 112 gold pieces
 59736 | Orc:2    | Upgraded the game from 0.26-a0-540-g8a0c9464d7 to
                  | 0.26-a0-651-gb41185065b
 59737 | Orc:2    | Quit the game

Illustrated notes

Levels and vault maps discovered:
D:1:      eino_arrival_druids_welcome, layout_basic, kennysheep_flooded_box,
          doesnt_xom_only_xom
D:2:      layout_rooms, minmay_misc_feat_doors, ashenzari_altar_1
D:3:      layout_basic
D:4:      layout_rooms, minmay_joined_circles, uniq_crazy_yiuf_cottage,
          uniq_ijyb
D:5:      layout_basic, nicolae_overflow_crystal_walls, uniq_pikel
D:6:      layout_loops_corners, minmay_temple_entry_ruins
D:7:      layout_basic, uniq_harold
D:8:      layout_rooms, serial_ice, serial_ice_f, serial_ice_k, serial_ice_m,
          serial_ice_h, serial_ice_e, serial_ice_g, serial_ice_o, serial_ice_b,
          uniq_gastronok
D:9:      layout_roguey, hiddenorc2_lemuel, uniq_joseph
D:10:     layout_small_grid, lair_entry_dummy, serial_shops, shop
D:11:     layout_loops_ring, basic_altar, uniq_maurice
D:12:     layout_basic, drop_trap, uniq_nergalle, uniq_erolcha
D:13:     fort_yaktaur, layout_basic, lemuel_hellish_altar
D:14:     layout_loops_ring, david_vaults_1, gauntlet_entry_generic,
          enter_trove_2
D:15:     gammafunk_enter_depths_forms, layout_stronghold,
          portal_ice_cave_entry_pillars_2, elyvilon_altar_3, uniq_roxanne
Lair:1:   layout_small_grid, grunt_megastairs_1, serial_bayou_shore_b
Lair:2:   layout_regular_city, basic_altar, infiniplex_staircase_pool_2,
          minmay_lair_oklob_chamber, uniq_urug
Lair:3:   layout_roguey, dummy_spider_entry, gammafunk_ghost_grave
Lair:4:   layout_cellular_growth, minmay_swamp_entry_worms, grunt_megastairs_3
Lair:5:   layout_roguey, nicolae_slime_entry_slimehenge, lemuel_fruit_fields
Lair:6:   hangedman_lair_caniforms_friends, layout_loops_ring,
          guppyfry_lair_end_dragon, small_statue_intersection
Swamp:1:  layout_basic_swamp, gammafunk_ghost_cemetery,
          evilmike_swamp_ruin_house_4, infiniplex_staircase_pool, uniq_louise
Swamp:2:  layout_basic_swamp, evilmike_swamp_ruin_rubble_2
Swamp:3:  layout_falls_marsh, hangedman_swamp_cone
Swamp:4:  swamp_alternative, layout_basic_swamp, statue_in_the_mist_lemuel,
          uniq_mara
Spider:1: cheibrodos_spider_silkery
Spider:2: layout_spider_delve, uniq_arachne, uniq_kirke, uniq_donald
Spider:3: layout_spider_delve, nicolae_spider_cling_ruins
Spider:4: floodkiller_spider_rune_tomb, gammafunk_ghost_tricky_traps
Orc:1:    layout_diamond_mine, basic_altar
Orc:2:    st_orc_town, layout_caves, serial_shops, shop
Vaults:1: dpeg_vaults_monster_row, v_misc_10, nicolae_vaults_fighting_squares,
          nicolae_vaults_theta, vaults_mumra_hex, v_misc_8,
          nicolae_vaults_border_crossing, layout_vaults_quadrants, serial_shops,
          bzr_entry_road
Vaults:2: v_pattern_5, v_misc_10, vaults_room_boxed,
          hangedman_vaults_hard_town_square, hangedman_vaults_impose,
          serial_ice_h, v_rooms_5, hangedman_vaults_maws, v_misc_22,
          vaults_room_grid, v_misc_25, nicolae_vaults_shelves_hall,
          layout_vaults_big_room, serial_shops, shop_scrolls, uniq_sojobo,
          uniq_margery
Vaults:3: vaults_room_corners, hangedman_vaults_stream, hangedman_vaults_slice,
          hangedman_vaults_nodes, v_misc_8, minmay_crypt_entry_necro_gods,
          nicolae_vaults_specimen_jars, v_pattern_3, nicolae_vaults_quadrants,
          nicolae_vaults_network_periphery, vaults_dpeg_encased_lava,
          vaults_room_pools, layout_vaults_omnibox, serial_shops,
          nicolae_shop_behind_doors, portal_desolation_entry_holy_temple,
          uniq_xtahua

Skill      XL: |  1  2  3  4  5  6  7  8  9 10 11 12 13 14 15 16 17 18 19 20 21 |
---------------+----------------------------------------------------------------+-----
Invocations    | 1 2 3 4 5 6 7 8 9 10 11 12 13 14 15 | 15.2
Short Blades   | 1 2 3 4 5 6 7 8 9 10 11 12 13 14 | 14.1
Long Blades    | 1 2 3 4 5 6 7 8 9 10 11 12 13 14 | 14.1
Axes           | 1 2 3 4 5 6 7 8 9 10 11 12 13 14 | 14.1
Maces & Flails | 1 2 3 4 5 6 7 8 9 10 11 12 13 14 | 14.1
Polearms       | 1 2 3 4 5 6 7 8 9 10 11 12 13 14 | 14.1
Staves         | 1 2 3 4 5 6 7 8 9 10 11 12 13 14 | 14.1
Slings         | 1 2 3 4 5 6 7 8 9 10 11 12 13 14 | 14.1
Bows           | 1 2 3 4 5 6 7 8 9 10 11 12 13 14 | 14.1
Crossbows      | 1 2 3 4 5 6 7 8 9 10 11 12 13 14 | 14.1
Throwing       | 1 2 3 4 5 6 7 8 9 10 11 12 13 14 | 14.1
Armour         | 1 2 3 4 5 6 7 8 9 10 11 12 13 14 | 14.1
Shields        | 1 2 3 4 5 6 7 8 9 10 11 12 13 14 | 14.1
Spellcasting   | 1 2 3 4 5 6 7 8 9 10 11 12 13 14 | 14.1
Evocations     | 1 2 3 4 5 6 7 8 9 10 11 12 13 14 | 14.1
Conjurations   | 1 2 3 4 5 6 7 8 9 10 11 12 | 12.1
Hexes          | 1 2 3 4 5 6 7 8 9 10 11 12 | 12.1
Summonings     | 1 2 3 4 5 6 7 8 9 10 11 12 | 12.1
Necromancy     | 1 2 3 4 5 6 7 8 9 10 11 12 | 12.1
Translocations | 1 2 3 4 5 6 7 8 9 10 11 12 | 12.1
Transmutations | 1 2 3 4 5 6 7 8 9 10 11 12 | 12.1
Fire Magic     | 1 2 3 4 5 6 7 8 9 10 11 12 | 12.1
Ice Magic      | 1 2 3 4 5 6 7 8 9 10 11 12 | 12.1
Air Magic      | 1 2 3 4 5 6 7 8 9 10 11 12 | 12.1
Earth Magic    | 1 2 3 4 5 6 7 8 9 10 11 12 | 12.1
Poison Magic   | 1 2 3 4 5 6 7 8 9 10 11 12 | 12.1
Fighting       | 7 8 9 10 11 12 13 14 15 | 15.2
Dodging        | 7 8 9 10 11 12 13 14 15 | 15.2
Unarmed Combat | 7 8 9 10 11 12 13 14 15 | 15.2
Stealth        | 5 6 7 8 9 10 11 12 13 14 | 14.6

Action                   |  1- 3 |  4- 6 |  7- 9 | 10-12 | 13-15 | 16-18 | 19-21 || total
-------------------------+-------+-------+-------+-------+-------+-------+-------++-------
Melee: Unarmed           |    96 |    62 |    90 |       |       |       |       ||   248
       Punch             |     4 |     3 |    16 |    38 |       |       |       ||    61
       Bite              |     9 |     9 |    48 |   175 |   330 |   267 |   181 ||  1019
       Whip              |       |       |   260 |   676 |       |       |       ||   936
       Quarterstaff      |       |       |       |   371 |  1548 |  1417 |   948 ||  4284
 Fire: Hunting sling     |       |       |    52 |       |       |       |       ||    52
Throw: Stone             |     7 |       |       |       |       |       |       ||     7
       Dart              |       |    27 |    49 |   145 |    25 |     2 |       ||   248
 Cast: Wereblood         |       |       |       |     3 |    38 |    39 |    26 ||   106
       Summon Guardian G |       |       |       |       |    19 |     5 |    15 ||    39
       Blink             |       |       |       |       |    10 |       |       ||    10
       Slow              |       |       |       |       |     5 |       |       ||     5
       Confusing Touch   |       |       |       |       |     1 |     1 |       ||     2
       Ignite Poison     |       |       |       |       |     7 |    36 |    61 ||   104
       Olgreb's Toxic Ra |       |       |       |       |     5 |    31 |    42 ||    78
       Metabolic Englaci |       |       |       |       |       |    18 |    17 ||    35
       Summon Lightning  |       |       |       |       |       |    15 |    77 ||    92
       Gell's Gravitas   |       |       |       |       |       |       |     2 ||     2
       Death Channel     |       |       |       |       |       |       |    14 ||    14
       Borgnjor's Vile C |       |       |       |       |       |       |     3 ||     3
Invok: Curse Item        |     2 |       |     1 |     1 |     4 |     2 |       ||    10
       Scrying           |       |       |       |       |       |     3 |     1 ||     4
Evoke: Wand              |       |       |    12 |    23 |    33 |    38 |     4 ||   110
       Phantom mirror    |       |       |       |     1 |       |       |     2 ||     3
       Tin of tremorston |       |       |       |       |     1 |       |       ||     1
       Box of beasts     |       |       |       |       |       |     9 |     4 ||    13
  Use: Scroll            |     1 |       |    11 |    14 |    12 |    15 |    17 ||    70
       Potion            |       |       |     3 |     9 |    11 |     8 |     7 ||    38
 Stab: Sleeping          |    11 |       |     3 |    14 |    12 |     6 |     2 ||    48
       Distracted        |       |       |       |     1 |     2 |     9 |    25 ||    37
       Confused          |       |       |       |       |     4 |     5 |       ||     9
       Invisible         |       |       |       |       |     9 |       |       ||     9
       Paralysed         |       |       |       |       |     2 |     3 |       ||     5
Armor: Robe              |    16 |       |       |       |       |       |       ||    16
       Ring mail         |     2 |       |       |       |       |       |       ||     2
       Scale mail        |     1 |    18 |   128 |   319 |   347 |       |       ||   813
       Chain mail        |       |       |       |       |   128 |   776 |   349 ||  1253
       Plate armour      |       |       |       |       |       |       |    59 ||    59
Dodge: Dodged            |    78 |    55 |   294 |   837 |  1177 |  1400 |   692 ||  4533
       Repelled          |     1 |       |    11 |    17 |    18 |    21 |    12 ||    80

Table legend: (Time is in decaauts)
 A = Elapsed time spent in this place.
 B = Non-inter-level travel time spent in this place.
 C = Inter-level travel time spent in this place.
 D = Time resting spent in this place.
 E = Time spent auto-exploring this place.
 F = Levels seen in this place.
 G = Mean time per level.
                   A        B        C        D        E       F      G
               +--------+--------+--------+--------+--------+-----+--------+
         Total |  57133 |  53727 |   3406 |  18928 |  19057 |  37 | 1544.1 |
       Dungeon |  18506 |  16458 |   2048 |   2898 |   7081 |  15 | 1233.7 |
          Lair |   8712 |   7979 |    733 |   2029 |   3888 |   6 | 1452.0 |
         Swamp |   6892 |   6744 |    148 |   3314 |   1901 |   4 | 1723.0 |
   Spider Nest |   8546 |   8393 |    153 |   4726 |   1875 |   4 | 2136.5 |
  Orcish Mines |   1431 |   1364 |     67 |     17 |    757 |   2 |  715.5 |
        Vaults |  11714 |  11460 |    254 |   5553 |   3415 |   3 | 3904.7 |
        Bazaar |    180 |    180 |      0 |      0 |     62 |   1 |  180.0 |
      Ice Cave |    762 |    762 |      0 |    346 |      0 |   1 |  762.0 |
      Gauntlet |    387 |    387 |      0 |     44 |     76 |   1 |  387.0 |
               +--------+--------+--------+--------+--------+-----+--------+

Top non-repeatable levels by time:
Vaults:1: 4502 daAuts
Vaults:2: 4270 daAuts
Spider:4: 3415 daAuts
Vaults:3: 2942 daAuts
Spider:1: 2581 daAuts
     D:7: 2046 daAuts
     D:9: 2004 daAuts
  Lair:3: 1992 daAuts
 Swamp:3: 1934 daAuts
 Swamp:4: 1845 daAuts
    D:13: 1755 daAuts
 Swamp:2: 1708 daAuts
  Lair:6: 1687 daAuts
     D:8: 1646 daAuts
  Lair:2: 1598 daAuts
